 Dungeon Crawl Stone Soup version 0.19.1 (webtiles) character file.

113 SQman the Sneak (level 4, -1/30 HPs)
             Began as an Octopode Assassin on Dec 16, 2016.
             Slain by Terence
             ... wielding a +0 flail of protection
              (6 damage)
             ... on level 2 of the Dungeon.
             The game lasted 00:08:27 (1477 turns).

SQman the Sneak (Octopode Assassin)                 Turns: 1477, Time: 00:08:27

Health: -1/30      AC:  3    Str: 10    XL:     4   Next: 96%
Magic:  3/3        EV: 13    Int: 13    God:
Gold:   133        SH:  0    Dex: 14    Spells: 0 memorised, 3 levels left

rFire  . . .     SeeInvis .     a - +2 dagger
rCold  . . .     Gourm    .     (no shield)
rNeg   . . .     Faith    .     (helmet restricted)
rPois  .         Spirit   .     (no amulet)
rElec  .         Reflect  .     (no ring)
rCorr  .         Harm     .     (no ring)
MR     .....                    (no ring)
Stlth  +++++.....               (no ring)
                                (no ring)
                                (no ring)
                                (no ring)
                                (no ring)

@: very slightly contaminated, hasted, very quick
A: almost no armour, stealthy swim, amphibious, 8 rings, constrict 8, tentacle
spike 1, molten scales 1, camouflage 1, low mp 1, gelatinous body 1
a: no special abilities


You were on level 2 of the Dungeon.
You were not hungry.

You visited 1 branch of the dungeon, and saw 2 of its levels.

You collected 133 gold pieces.

Inventory:

Hand Weapons
 a - a +2 dagger (weapon)
 b - a +0 blowgun
Missiles
 c - 40 poisoned needles
 d - 2 curare-tipped needles
 i - 4 needles of frenzy
 l - 6 javelins (quivered)
Scrolls
 j - a scroll of remove curse
 n - a scroll of immolation
 o - a scroll of identify
Potions
 e - a potion of lignification
 k - a potion of haste
 m - a potion of magic
Comestibles
 f - 2 bread rations
 g - 2 chunks of flesh
 h - 5 fruits


   Skills:
 + Level 2.3 Fighting
 + Level 2.4 Short Blades
 + Level 2.2 Throwing
 + Level 1.4 Dodging
 + Level 7.6 Stealth


You had 3 spell levels left.
You didn't know any spells.

Dungeon Overview and Level Annotations

Branches:
Dungeon (2/15)

Altars:

Annotations:
D:2 Terence


Innate Abilities, Weirdness & Mutations

You cannot wear most types of armour.
You are very stealthy in the water. (Stealth+)
You are amphibious.
You can wear up to eight rings at the same time.
You can use your tentacles to constrict eight enemies at once.
Your skin changes colour to match your surroundings (Stealth+).
Your rubbery body absorbs attacks. (AC +1, EV +1)
One of your tentacles bears a spike.
You are partially covered in molten scales. (AC +2)
Your magical capacity is low. (-10% MP)


Message History

You kill the hobgoblin!
You feel sick.
Terence hits you with a flail of protection!
You hit Terence but do no damage. You grab Terence.
You pierce Terence, but do no damage.
You constrict Terence, but do no damage.
Terence hits you with a flail of protection.
* * * LOW HITPOINT WARNING * * *
You feel yourself speed up.
You constrict Terence, but do no damage.
Terence misses you.
You are very lightly contaminated with residual magic.
You hit Terence but do no damage.
You pierce Terence, but do no damage.
You constrict Terence.
You feel sick.
You are no longer poisoned.
You hit Terence but do no damage. You squeeze Terence, but do no damage.
Terence is lightly wounded.
You constrict Terence, but do no damage.
Terence hits you with a flail of protection.
You die...

#############..........#
#..... ##.##.######
#..... #..#.# #.....
##.#.# ##.#.#
#######.#.###########...#
............[......######
....#..
########..#####........ .
....#. #..# #.....#####
..... #@.#####.....#
....# #@>........[.#
....#
..@....#######.......#
....# ###.##. #.###.#.#
....# .. #.# .#.#
....##### ... #.# #.###
........# .... ... ......
....###.# ....# ##.
...... ....# #.# ##### .
....


You could see Terence.

Vanquished Creatures
  7 adders (D:2)
  2 worms (D:2)
  2 dart slugs
  7 goblins
  7 hobgoblins
  2 jackals (D:1)
  9 kobolds
  A ball python (D:1)
  2 bats
  2 frilled lizards
  4 rats
45 creatures vanquished.

Notes
Turn   | Place    | Note
-------+----------+-------------------------------------------
     0 | D:1      | SQman the Octopode Assassin began the quest for the Orb.
     0 | D:1      | Reached XP level 1. HP: 14/14 MP: 1/1
   129 | D:1      | Reached XP level 2. HP: 12/19 MP: 2/2
   181 | D:1      | Reached skill level 6 in Stealth
   717 | D:2      | Reached XP level 3. HP: 9/24 MP: 3/3
   958 | D:2      | Reached skill level 7 in Stealth
  1066 | D:2      | Gained mutation: One of your tentacles bears a spike. [potion of mutation]
  1066 | D:2      | Gained mutation: Your magical capacity is low. (-10% MP) [potion of mutation]
  1066 | D:2      | Gained mutation: You are partially covered in molten scales. (AC +2) [potion of mutation]
  1079 | D:2      | Reached XP level 4. HP: 29/29 MP: 3/3
  1463 | D:2      | Noticed Terence
  1477 | D:2      | Slain by Terence

Skill      XL: |  1  2  3 |
---------------+----------+-----
Stealth        | 6 7 |  7.6
Fighting       | |  2.3
Short Blades   | |  2.4
Throwing       | |  2.2
Dodging        | |  1.4

Action                   |  1- 3 |  4- 6 || total
-------------------------+-------+-------++-------
Melee: Dagger            |    63 |    34 ||    97
       Constrict         |    16 |     9 ||    25
       Tentacles         |    12 |     6 ||    18
       Kick              |     1 |    10 ||    11
 Fire: Blowgun           |     2 |       ||     2
Throw: Javelin           |     3 |     3 ||     6
  Use: Scroll            |     5 |     2 ||     7
       Potion            |     4 |     1 ||     5
 Stab: Sleeping          |     6 |     3 ||     9
  Eat: Fruit             |     1 |       ||     1
       Chunk             |     1 |       ||     1
Armor: Skin              |     2 |     2 ||     4
Dodge: Dodged            |    24 |    16 ||    40
